 Dungeon Crawl Stone Soup version 0.27.0-1-g7a089689b8 (webtiles) character file.

Game seed: 12135460770491308016

7 EnegeticOcto the Shield-Bearer (level 1, 16/20 HPs)
             Began as a Deep Dwarf Fighter on Aug 2, 2021.
             Was a Follower of Cheibriados.
             Quit the game on level 1 of the Dungeon.
             The game lasted 00:00:10 (66 turns).

EnegeticOcto the Shield-Bearer (Deep Dwarf Fighter)   Turns: 66, Time: 00:00:10

Health: 16/20      AC:  6    Str: 21    XL:     1   Next: 83%
Magic:  1/1        EV:  7    Int: 10    God:    Cheibriados [*.....]
Gold:   0          SH:  9    Dex: 14    Spells: 0/0 levels left

rFire    . . .     SeeInvis .   a - +0 war axe
rCold    . . .     Faith    .   c - +0 kite shield
rNeg     . . .     Spirit   .   b - +0 scale mail
rPois    .         Reflect  .   (no helmet)
rElec    .         Harm     .   (no cloak)
rCorr    .         Rampage  .   (no gloves)
Will     .....                  (no boots)
Stlth    ..........             (no amulet)
HPRegen  0.00/turn              (no ring)
MPRegen  0.07/turn              (no ring)

@: very slow
A: damage resistance, heal wounds, sense surroundings 1, no regeneration
a: Heal Wounds, Renounce Religion, Bend Time


You were on level 1 of the Dungeon.
You worshipped Cheibriados.
Cheibriados was aware of your devotion.
You visited 1 branch of the dungeon, and saw 1 of its levels.

Inventory:

Hand Weapons
 a - a +0 war axe (weapon)
Armour
 b - a +0 scale mail (worn)
 c - a +0 kite shield (worn)
Potions
 d - a potion of might {@q3}


   Skills:
 + Level 2.8 Fighting
 * Level 2.5 Axes
 + Level 3.4 Armour
 + Level 3.4 Shields


You couldn't memorise any spells.
You didn't know any spells.
Your spell library was empty.

Dungeon Overview and Level Annotations

Branches:
Dungeon (1/15)

Altars:
Cheibriados


Innate Abilities, Weirdness & Mutations

You are resistant to damage.
You can heal yourself by infusing magical energy.
You passively map a small area around you.
You do not regenerate.


Message History

The rat bites you but does no damage.
You barely miss the rat.
Your shield and scale mail prevent you from hitting the rat.
The rat closely misses you. The rat bites you but does no damage.
You closely miss the rat. You hit the rat but do no damage. The rat bites you.
You block the rat's attack. x2; The rat bites you but does no damage.
You hit the rat but do no damage. You hit the rat.
You kill the rat!
You block the rat's attack. The rat bites you.
You closely miss the rat. You block the rat's attack.
You hit the rat.
You kill the rat!
You see here a rat corpse.
You open the door.
There is an open door here.
You open the door.
A goblin comes into view. It is wielding a +0 dagger.
The goblin shouts!
A goblin is nearby!
A goblin is nearby!
A goblin is nearby!
There is an open door here.
You hit the goblin.
The goblin is heavily wounded.
You block the goblin's attack. The goblin hits you but does no damage.
You closely miss the goblin.
The goblin is heavily wounded.
You block the goblin's attack.
You hit the goblin.
You kill the goblin!
No target in view!
No target in view!
No target in view!
No target in view!
No target in view!
No target in view!
Things that are here:
a +0 dagger; a goblin corpse You open the door.
There is an open door here.
Found 6 silver boomerangs.
Found 25 stones.
Found a faded altar of an unknown god.
An endoplasm comes into view.
The endoplasm quivers.
A quokka comes into view.
The quokka twitches its whiskers.
Found an escape hatch in the floor.
You barely miss the quokka.
The quokka bites you but does no damage. x2
You closely miss the quokka. The quokka barely misses you.
You block the quokka's attack.
Your shield prevents you from hitting the quokka.
You block the quokka's attack.
The endoplasm jiggles.
The quokka completely misses you.
You hit the endoplasm.
The endoplasm is heavily wounded.
You hit the quokka.
You kill the quokka!
The endoplasm freezes you.
You are frozen.
You hit the endoplasm.
The endoplasm is almost dead.
The endoplasm freezes you.
You are frozen.
The endoplasm freezes you.
You are frozen.
Your scale mail prevents you from hitting the endoplasm.
The endoplasm is almost dead.
The endoplasm hits you but does no damage.
The endoplasm freezes you.
You are frozen.
You slash the endoplasm!
You kill the endoplasm!
No target in view!
No target in view!
No target in view!
No target in view!
No target in view!
No target in view!
No target in view!
No target in view!
No target in view!
No target in view!
No target in view!
No target in view!
No target in view!
No target in view!
Found a stone staircase leading down.
There is a faded altar of an unknown god here.
You cannot tell which god this altar belongs to.
Convert to them anyway?
Cheibriados accepts your prayer! Cheibriados welcomes you!
Cheibriados begins to support your attributes as your movement slows.
You can now bend time to slow others.
Cheibriados is now slowing the effects of poison on you.
Cheibriados raises the support of your attributes as your movement slows.
Okay, then.
Are you sure you want to abandon this character and quit the game? (Confirm with "yes".)

, ...... , .# ,..#.#
##.##. * ,..#.#
###.... # * , , *
*#.#.# #....# .### *
* *,
#.#.###.#..##..., *
*###.#...........#
*,*#..........8....#,
#.######..8.8..# ,, *
#.# #.8.@.8.# , #.#
#..8.8...... #'#
#...8...##>. ##.##
#........... ##...##
#.###.#.###.#
##.....###. #>#.# # *
##.......##. #....
#.........# * #.#.##*
###.......##* , *


There were no monsters in sight!

Vanquished Creatures
  An endoplasm (D:1)
  A goblin (D:1)
  A quokka (D:1)
  4 rats (D:1)
7 creatures vanquished.

Notes
Turn   | Place    | Note
-------+----------+-------------------------------------------
     0 | D:1      | EnegeticOcto the Deep Dwarf Fighter began the quest for the
                  | Orb.
     0 | D:1      | Reached XP level 1. HP: 20/20 MP: 1/1
    50 | D:1      | Found a faded altar of an unknown god.
    65 | D:1      | Became a worshipper of Cheibriados the Contemplative
    65 | D:1      | Reached * piety under Cheibriados
    66 | D:1      | Quit the game

Illustrated notes

Levels and vault maps discovered:
D:1:      elethiomel_arrival_diamonds, layout_loops_ring,
          chequers_ecumenical_altar_simple_redux

Action                   || total
-------------------------++-------
Melee: War axe           ||    17
Armor: Scale mail        ||     8
Dodge: Dodged            ||     5
Block: Kite shield       ||    10
